 Dungeon Crawl Stone Soup version 0.28.0-53-g5a82cb258f (webtiles) character file.

Game seed: 7946882575354390943

22 firemarshallily the Conjurer (level 2, 0/39 HPs)
             Began as a Gnoll Wanderer on July 28, 2022.
             Slain by Jessica
             ... wielding a +0 dagger
              (1 damage)
             ... on level 2 of the Dungeon.
             The game lasted 00:02:54 (1181 turns).

firemarshallily the Conjurer (Gnoll Wanderer)       Turns: 1181, Time: 00:02:55

Health: 0/39       AC: 21    Str: 18    XL:     2   Next: 91%
Magic:  5/5        EV:  2    Int:  8    God:
Gold:   105        SH:  0    Dex:  7    Spells: 5/6 levels left

rFire   . . .      SeeInvis .   a - +0 hand axe
rCold   . . .      Faith    .   (no shield)
rNeg    . . .      Spirit   .   (armour currently unavailable)
rPois   +          Reflect  .   (helmet currently unavailable)
rElec   .          Harm     .   (cloak currently unavailable)
rCorr   .          Rampage  .   (gloves currently unavailable)
Will    .....      NoTele   +   (boots currently unavailable)
Stlth   ++........              (no amulet)
HPRegen 0.13/turn               (no ring)
MPRegen 0.09/turn               (no ring)

@: tree-form
A: stationary, stasis, torment immunity, boosted hp, (fangs 1), strong nose,
distributed training
a: no special abilities


You were on level 2 of the Dungeon.
You were a tree.
You visited 1 branch of the dungeon, and saw 2 of its levels.

You collected 105 gold pieces.

Inventory:

Hand Weapons
 a - a +0 hand axe (weapon)
Missiles
 e - 35 stones
Armour
 b - a +0 scale mail (melded)
Magical Staves
 d - a staff of air
Scrolls
 c - a scroll of identify
Potions
 f - a potion of lignification


   Skills:
 + Level 4.5 Fighting
 + Level 0.5 Short Blades
 + Level 0.5 Long Blades
 + Level 2.5 Axes
 + Level 0.5 Maces & Flails
 + Level 0.5 Polearms
 + Level 0.5 Staves
 + Level 0.5 Slings
 + Level 0.5 Bows
 + Level 0.5 Crossbows
 + Level 0.5 Throwing
 + Level 2.5 Armour
 + Level 0.5 Dodging
 + Level 2.3 Stealth
 + Level 0.5 Shields
 + Level 0.5 Unarmed Combat
 + Level 2.7 Spellcasting
 + Level 7.0 Conjurations
 + Level 0.4 Hexes
 + Level 0.4 Summonings
 + Level 0.4 Necromancy
 + Level 0.4 Translocations
 + Level 0.4 Transmutations
 + Level 0.4 Fire Magic
 + Level 0.4 Ice Magic
 + Level 0.4 Air Magic
 + Level 0.4 Earth Magic
 + Level 0.4 Poison Magic
 + Level 0.7 Invocations
 + Level 0.5 Evocations


You had 5 spell levels left.
You knew the following spells:

 Your Spells              Type           Power      Damage    Failure   Level
a - Shock                 Conj/Air       28%        1d4       7%          1

Your spell library contained the following spells:

 Spells                   Type           Power      Damage    Failure   Level
 Stone Arrow              Conj/Erth      14%        3d7       22%         3
 Iskenderun's Mystic Bla  Conj/Tloc      7%         2d4       56%         4
 Call Canine Familiar     Summ           1%         N/A       63%         3
 Portal Projectile        Hex/Tloc       2%         N/A       63%         3
 Leda's Liquefaction      Hex/Erth       0%         N/A       95%         4


Dungeon Overview and Level Annotations

Branches:
Dungeon (2/15)

Altars:

Annotations:
D:2 Jessica


Innate Abilities, Weirdness & Mutations

You are a tree.
Your roots penetrate the ground, keeping you stationary.
You cannot be teleported.
You are immune to unholy pain and torment.
Your maximum health is greatly increased.
Your equipment is partially melded.
((You have very sharp teeth.))
Your uncanny sense of smell can sniff out nearby items.
Your experience applies equally to all skills.


Message History

The quokka bites you but does no damage.
You hit the quokka.
You kill the quokka!
Found 14 stones.
e - 35 stones (gained 14)
You open the door.
Jessica the Apprentice Sorceress comes into view.
She is wielding a +0 dagger.
Jessica shouts!
A quokka comes into view.
Found a silvery potion and a scroll labelled DAVIOH HYPUERUHOTE.
Found a green potion.
There is an open door here.
You hit Jessica. You bite Jessica, but do no damage.
Jessica is lightly wounded.
Jessica hits you with a +0 dagger. The quokka bites you.
You hit Jessica but do no damage.
Jessica is lightly wounded.
You hit the quokka. Jessica gestures at you while chanting.
Pain shoots through your body!
Ouch! That really hurt!
* * * LOW HITPOINT WARNING * * *
The quokka bites you.
* * * LOW HITPOINT WARNING * * *
It was a potion of lignification.
You turn into a tree.
Your +0 scale mail melds into your body.
Your roots penetrate the ground.
Jessica hits you but does no damage. The quokka bites you.
* * * LOW HITPOINT WARNING * * *
As you read the scroll labelled DAVIOH HYPUERUHOTE, it crumbles to dust.
It is a scroll of identify.
You don't have any unidentified items.
The quokka bites you but does no damage.
Jessica hits you but does no damage.
You closely miss the quokka.
The quokka is moderately wounded.
You closely miss Jessica. The quokka bites you.
* * * LOW HITPOINT WARNING * * *
Jessica hits you with a +0 dagger.
You die...

#.##
##............. ##
#.........###.####
#.##........##.....
#.# #..#####....#
## #..##...##...#
#..#?....#...#
#..#.....#...#
#..#!.@r!#...# .
#.♣.##...#
#..##'##..#.#
#.......##.#
##.....## .#
#.##### .# #. #. #


You could see Jessica and a quokka.

Vanquished Creatures
  A dart slug (D:1)
  2 endoplasms (D:1)
  2 goblins (D:1)
  4 hobgoblins (D:1)
  3 quokkas
  2 bats (D:1)
  A frilled lizard (D:1)
  A kobold (D:1)
  A rat (D:1)
17 creatures vanquished.

Notes
Turn   | Place    | Note
-------+----------+-------------------------------------------
     0 | D:1      | firemarshallily the Gnoll Wanderer began the quest for the
                  | Orb.
     0 | D:1      | firemarshallily set off with the following items: a +0 hand
                  | axe, a +0 scale mail; and the following spell memorised:
                  | Shock; and the following spells available to memorise:
                  | Stone Arrow, Iskenderun's Mystic Blast
     0 | D:1      | Reached XP level 1. HP: 20/20 MP: 4/4
   218 | D:1      | Reached XP level 2. HP: 9/26 MP: 5/5
  1174 | D:2      | Noticed Jessica
  1181 | D:2      | HP: 1/39 [quokka (1)]
  1181 | D:2      | Slain by Jessica

Illustrated notes

Levels and vault maps discovered:
D:1:      sevenhm_arrival_forest_fort_small_5, layout_basic
D:2:      layout_loops_ring, shapermc_ecumenical_altar_ellora,
          kennysheep_jessica_study

Action                   || total
-------------------------++-------
Melee: Hand axe          ||    69
       Bite              ||     4
       Punch             ||     1
  Use: Scroll            ||     1
       Potion            ||     1
Armor: Scale mail        ||    30
       Skin              ||     3
Dodge: Dodged            ||    27
